 Dungeon Crawl Stone Soup version 0.26.0-18-gc5c842f807 (webtiles) character file.

Game seed: 12561947140667847643

154 thiole the Sneak (level 5, -3/33 HPs)
             Began as an Octopode Hedge Wizard on Jan 22, 2021.
             Slain by a phantom (4 damage)
             ... on level 4 of the Dungeon.
             The game lasted 00:04:45 (2831 turns).

thiole the Sneak (Octopode Hedge Wizard)            Turns: 2831, Time: 00:04:45

Health: -3/33      AC:  4    Str:  9    XL:     5   Next: 36%
Magic:  10/10      EV: 12    Int: 17    God:
Gold:   209        SH:  3    Dex: 12    Spells: 7/11 levels left

rFire    . . .     SeeInvis .   j - +4 dagger (venom)
rCold    . . .     Faith    .   o - +0 buckler (curse)
rNeg     . . .     Spirit   .   b - +0 hat
rPois    .         Reflect  .   (no amulet)
rElec    .         Harm     .   e - ring of flight
rCorr    .         Rampage  .   (no ring)
Will     .....     Clarity  +   (no ring)
Stlth    ++++......             (no ring)
HPRegen  0.11/turn              (no ring)
MPRegen  0.12/turn              (no ring)
                                (no ring)
                                (no ring)

@: mighty, flying
A: almost no armour, stealthy swim, amphibious, 8 rings, constrict 8, molten
scales 1, camouflage 1, clarity, shaggy fur 1, gelatinous body 1
a: no special abilities


You were on level 4 of the Dungeon.
You visited 1 branch of the dungeon, and saw 4 of its levels.

You collected 209 gold pieces.

Inventory:

Hand Weapons
 a - a +0 dagger
 j - a +4 dagger of venom (weapon)
 q - a +2 dagger of freezing
Armour
 b - a +0 hat (worn)
 o - a cursed +0 buckler (worn)
Jewellery
 e - a ring of flight (left tentacle)
Scrolls
 g - 2 scrolls of teleportation
 n - a scroll of magic mapping {unknown}
 s - a scroll of remove curse
 t - a scroll of fear {unknown}
 u - a scroll of enchant armour {unknown}
 v - a scroll of enchant weapon {unknown}
 w - a scroll of identify {unknown}
 y - a scroll of random uselessness {unknown}
Potions
 c - a potion of haste {unknown}
 d - a potion of might
 h - a potion of mutation
 i - a potion of magic {unknown}
 k - a potion of berserk rage {unknown}
 l - a potion of heal wounds {unknown}
 m - a potion of ambrosia {unknown}
 p - a potion of curing {unknown}
 r - a potion of attraction {unknown}
 x - a potion of lignification {unknown}


   Skills:
 + Level 1.2 Fighting
 - Level 2.0 Dodging
 * Level 4.7 Stealth
 + Level 3.5 Spellcasting
 - Level 2.0 Conjurations
 - Level 2.0 Summonings
 - Level 1.0 Translocations
 * Level 1.5 Air Magic


You had 7 spell levels left.
You knew the following spells:

 Your Spells              Type           Power        Failure   Level
a - Magic Dart            Conj           36%          12%         1
b - Mephitic Cloud        Conj/Pois/Air  7%           45%         3

Your spell library contained the following spells:

 Spells                   Type           Power        Failure   Level
 Call Imp                 Summ           9%           19%         2
 Blink                    Tloc           N/A          28%         2
 Slow                     Hex            3%           38%         2
 Conjure Flame            Conj/Fire      6%           50%         3


Dungeon Overview and Level Annotations

Branches:
Dungeon (4/15)
 Temple: D:4-7

Altars:
Wu Jian


Innate Abilities, Weirdness & Mutations

You cannot wear most types of armour.
You are very stealthy in the water. (Stealth+)
You are amphibious.
You can wear up to eight rings at the same time.
You can use your tentacles to constrict eight enemies at once.
Your skin changes colour to match your surroundings (Stealth+).
Your rubbery body absorbs attacks. (AC +1, EV +1)
You are partially covered in molten scales. (AC +2)
You possess an exceptional clarity of mind.
You are covered in fur. (AC +1)


Message History

You barely miss the phantom. Your squeeze misses the phantom.
The phantom is heavily damaged.
The phantom hits you. x2
* * * LOW HITPOINT WARNING * * *
The phantom blinks!
It was a potion of might.
You feel very mighty all of a sudden.
You closely miss the phantom.
The phantom is heavily damaged.
The phantom hits you!
* * * LOW HITPOINT WARNING * * *
The phantom blinks!
It was a potion of mutation.
You feel extremely strange. Fur sprouts all over your body.
Molten scales grow over part of your body.
Your thoughts seem clearer.
It was a potion of flight.
You feel very buoyant.
You fly up into the air.
The phantom hits you.
You die...

######## ##......##
##...$....## #..?.......#
#.W@..?....# #..........#
#.?........# #..........# ###
##........#.....
#######...............
########........<............
.........##.##.............B.
###########.##..........#####


You could see a phantom.

Vanquished Creatures
  A scorpion (D:2)
  An adder (D:2)
  An ufetubus (D:3)
  An adder skeleton (D:2)
  3 worms (D:2)
  2 dart slugs (D:1)
  2 leopard geckos (D:3)
  6 orcs
  3 ball pythons
  4 giant cockroaches
  9 goblins
  3 hobgoblins
  3 jackals (D:3)
  9 kobolds
  A quokka (D:3)
  4 bats
  5 frilled lizards
  7 rats
65 creatures vanquished.

Notes
Turn   | Place    | Note
-------+----------+-------------------------------------------
     0 | D:1      | thiole the Octopode Hedge Wizard began the quest for the
                  | Orb.
     0 | D:1      | Reached XP level 1. HP: 11/11 MP: 4/4
   160 | D:1      | Reached XP level 2. HP: 17/17 MP: 3/6
   195 | D:1      | Reached skill level 3 in Stealth
   689 | D:1      | Reached XP level 3. HP: 21/21 MP: 3/7
  1339 | D:2      | Found an ornate altar of the Wu Jian Council.
  1772 | D:2      | Reached XP level 4. HP: 27/27 MP: 9/9
  1776 | D:2      | Learned a level 3 spell: Mephitic Cloud
  1990 | D:2      | Reached skill level 1 in Fighting
  1990 | D:2      | Reached skill level 4 in Stealth
  1990 | D:2      | Reached skill level 1 in Air Magic
  1990 | D:2      | Reached XP level 5. HP: 33/33 MP: 10/10
  2787 | D:4      | Noticed a phantom
  2829 | D:4      | HP: 1/33 [phantom (7)]
  2830 | D:4      | Gained mutation: You are covered in fur. (AC +1) [potion of
                  | mutation]
  2830 | D:4      | Gained mutation: You are partially covered in molten
                  | scales. (AC +2) [potion of mutation]
  2830 | D:4      | Gained mutation: You possess an exceptional clarity of
                  | mind. [potion of mutation]
  2831 | D:4      | Slain by a phantom

Illustrated notes

Levels and vault maps discovered:
D:1:      wheals_arrival_shading, layout_basic, minmay_strange_pillars
D:2:      layout_basic, nzn_wu_jian_contemplation, kennysheep_flooded_box
D:3:      layout_rooms
D:4:      layout_rooms, general_overflow_altar, evilmike_ruin_ashenzari,
          uniq_grinder

Skill      XL: |  1  2  3  4 |
---------------+-------------+-----
Stealth        | 3 4 |  4.7
Conjurations   | 2 |  2.0
Summonings     | 2 |  2.0
Fighting       | 1 |  1.2
Air Magic      | 1 |  1.5
Dodging        | |  2.0
Spellcasting   | |  3.5
Translocations | |  1.0

Action                   |  1- 3 |  4- 6 || total
-------------------------+-------+-------++-------
Melee: Dagger            |    28 |    58 ||    86
       Constrict         |     7 |    12 ||    19
       Tentacles         |     4 |     7 ||    11
 Cast: Magic Dart        |    63 |       ||    63
  Use: Scroll            |     3 |       ||     3
       Potion            |       |     3 ||     3
 Stab: Sleeping          |     3 |    11 ||    14
Armor: Skin              |       |     2 ||     2
Dodge: Dodged            |    12 |    27 ||    39
Block: Buckler           |       |     8 ||     8
